 Dungeon Crawl Stone Soup version 0.21-a0-496-g696f58f (webtiles) character file.

127 lauthentik the Conjurer (level 4, -6/33 HPs)
             Began as a Draconian Conjurer on Nov 23, 2017.
             Mangled by an ogre
             ... wielding a +0 giant club
              (30 damage)
             ... on level 3 of the Dungeon.
             The game lasted 00:07:59 (1911 turns).

lauthentik the Conjurer (Draconian Conjurer)        Turns: 1911, Time: 00:08:00

Health: -6/33      AC:  5    Str: 10    XL:     4   Next: 85%
Magic:  3/8        EV: 12    Int: 17    God:
Gold:   140        SH:  0    Dex: 11    Spells: 8/9 levels left

rFire    . . .     SeeInvis .   g - +1 hand axe (flame)
rCold    . . .     Gourm    .   (no shield)
rNeg     . . .     Faith    .   (armour unavailable)
rPois    .         Spirit   .   (helmet restricted)
rElec    .         Reflect  .   (no cloak)
rCorr    .         Harm     .   (no gloves)
MR       .....                  (no boots)
Stlth    ++........             (no amulet)
HPRegen  0.11/turn              (no ring)
MPRegen  0.11/turn              (no ring)

@: very slightly contaminated
A: unfitting armour, cold-blooded, AC +5
a: no special abilities


You were on level 3 of the Dungeon.
You were not hungry.

You visited 1 branch of the dungeon, and saw 3 of its levels.

You collected 140 gold pieces.

Inventory:

Hand Weapons
 c - a -3 club
 g - a +1 hand axe of flaming (weapon)
 p - a +0 dagger of draining
Missiles
 e - 5 javelins (quivered)
Wands
 j - a wand of digging (6)
Scrolls
 l - a scroll of teleportation
 s - a scroll of random uselessness {unknown}
Potions
 d - a potion of agility {unknown}
 f - a potion of cancellation {unknown}
 i - a potion of curing {unknown}
 k - 2 potions of ambrosia {unknown}
 m - a potion of berserk rage {unknown}
 q - 2 potions of lignification {unknown}
 r - a potion of degeneration {unknown}
Books
 a - a book of Conjurations

   Spells                             Type                      Level
   a - Magic Dart                     Conjuration                  1
   b - Searing Ray                    Conjuration                  2
   c - Dazzling Spray                 Conjuration/Hexes            3
   d - Fulminant Prism                Conjuration/Hexes            4
   e - Force Lance                    Conjuration/Translocation    4
   f - Iskenderun's Mystic Blast      Conjuration                  4
Comestibles
 b - 2 bread rations
 h - a meat ration
 n - a royal jelly
 o - 7 chunks of flesh


   Skills:
 + Level 0.2 Throwing
 + Level 2.1 Dodging
 + Level 2.2 Stealth
 + Level 3.0 Spellcasting
 + Level 5.3 Conjurations


You had 8 spell levels left.
You knew the following spells:

 Your Spells              Type           Power        Failure   Level  Hunger
a - Magic Dart            Conj           ###.         1%          1    None


Dungeon Overview and Level Annotations

Branches:
Dungeon (3/15)

Altars:

Annotations:
D:2 Robin


Innate Abilities, Weirdness & Mutations

Your plain brown scales are hard. (AC +5)
You cannot fit into any form of body armour.
You are cold-blooded and may be slowed by cold attacks.


Message History

The ogre is heavily wounded.
The ogre completely misses you.
Casting: Magic Dart
Confirm with . or Enter, or press ? or * to list all spells.
Aiming: Magic Dart
Press: ? - help, Shift-Dir - straight line, f/p - ogre
Aim: an ogre, wielding a giant club (heavily wounded)
You miscast Magic Dart.
You are very lightly contaminated with residual magic.
Nothing appears to happen.
The ogre hits you with a giant club!
Casting: Magic Dart
Confirm with . or Enter, or press ? or * to list all spells.
Aiming: Magic Dart
Press: ? - help, Shift-Dir - straight line, f/p - ogre
Aim: an ogre, wielding a giant club (heavily wounded)
The magic dart hits the ogre.
The ogre is heavily wounded.
The ogre hits you with a giant club!!
Ouch! That really hurt!
You die...

#.##.[.###................
..##...#............#♣♣.♣♣
#.##.....#..........#
......#..####......##
##.......# #.#<...#
#.###..## #.#....#
#.....)# #.#....# #####.##
#......# #.# ####@###
######)# #O# .......# ..?
######## .#.## ..... #.
#.# .. ... .. #.#


You could see an ogre.

Vanquished Creatures
  A worker ant (D:2)
  2 gnolls (D:3)
  3 adders (D:3)
  An orc (D:2)
  3 giant cockroaches
  13 goblins
  9 hobgoblins
  3 jackals (D:1)
  3 kobolds (D:2)
  8 bats
  3 frilled lizards
  4 rats
53 creatures vanquished.

Notes
Turn   | Place    | Note
-------+----------+-------------------------------------------
     0 | D:1      | lauthentik the Draconian Conjurer began the quest for the Orb.
     0 | D:1      | Reached XP level 1. HP: 14/14 MP: 3/3
   207 | D:1      | Reached XP level 2. HP: 19/20 MP: 0/5
   733 | D:2      | Reached XP level 3. HP: 17/26 MP: 0/6
   769 | D:2      | Noticed Robin
  1240 | D:2      | Reached skill level 5 in Conjurations
  1255 | D:2      | Reached XP level 4. HP: 33/33 MP: 1/7
  1906 | D:3      | Noticed an ogre
  1911 | D:3      | Mangled by an ogre

Vault maps used:
D:1:      dpeg_arrival_shelter, st_stairs_7
D:2:      first_bread, uniq_robin
D:3:      led_sif_pool, nemelex_xobeh_ov_fountains_minmay,
          kennysheep_cluttered_room, minmay_tree_intersection

Skill      XL: |  1  2  3  4 |
---------------+-------------+-----
Stealth        | 2 |  2.2
Dodging        | 2 |  2.1
Conjurations   | 5 |  5.3
Spellcasting   | 3 |  3.0
Throwing       | |  0.2

Action                   |  1- 3 |  4- 6 || total
-------------------------+-------+-------++-------
Melee: Club              |    18 |     1 ||    19
       Hand axe          |       |     7 ||     7
Throw: Javelin           |     5 |     2 ||     7
 Cast: Magic Dart        |    65 |    38 ||   103
  Use: Scroll            |     2 |     1 ||     3
  Eat: Chunk             |     2 |     2 ||     4
Armor: Skin              |    18 |     5 ||    23
Dodge: Dodged            |    34 |    10 ||    44

Table legend:
 A = Spawn XP
 B = Non-spawn XP
 C = Spawn XP percentage of total XP
 D = Spawn monster count
 E = Non-spawn monster count
 F = Spawn count percentage of total count
 G = Total turns spent on level
                    A         B        C        D         E        F      G
               +---------+---------+-------+---------+---------+-------+---------
         Total |       0 |     182 |   0.0 |       0 |      53 |   0.0 |  1911
               +---------+---------+-------+---------+---------+-------+---------
           D:1 |       0 |      39 |   0.0 |       0 |      23 |   0.0 |   775
           D:2 |       0 |      73 |   0.0 |       0 |      24 |   0.0 |   881
           D:3 |       0 |      70 |   0.0 |       0 |       6 |   0.0 |   255
               +---------+---------+-------+---------+---------+-------+---------
